 Dungeon Crawl Stone Soup version bcrawl-1.19.2-6-g6a88ae04c9 (webtiles) character file.

Game seed: 15295483435585286235

59 Mrkan the Ruffian (level 3, 0/37 HPs)
             Began as a Troll Fighter on Dec 31, 2019.
             Was an Initiate of Makhleb.
             Slain by a water moccasin (2 damage)
             ... on level 3 of the Dungeon.
             The game lasted 00:02:31 (1569 turns).

Mrkan the Ruffian (Troll Fighter)                   Turns: 1569, Time: 00:02:31

Health: 0/37       AC:  5    Str: 24    XL:     3   Next: 78%
Magic:  2/2        EV:  8    Int:  6    God:    Makhleb [......]
Gold:   104        SH:  8    Dex:  9    Spells: 2/2 levels left

rFire    . . .     SeeInvis .     - Unarmed
rCold    . . .     Gourm    +   a - +0 shield
rNeg     . . .     Faith    .   (armour unavailable)
rPois    .         Spirit   .   (helmet restricted)
rElec    .         Reflect  .   (no cloak)
rCorr    .         Harm     .   (gloves unavailable)
MR       .....                  (boots unavailable)
Stlth    +.........             (no amulet)
HPRegen  0.12/turn              (no ring)
MPRegen  0.08/turn              (no ring)

@: lethally poisoned (0 -> -25)
A: large, almost no armour, unfitting armour, claws 3, fast metabolism 3,
gourmand, AC +5
a: Renounce Religion


You were on level 3 of the Dungeon.
You worshipped Makhleb.
Makhleb was noncommittal.
You were not hungry.

You visited 1 branch of the dungeon, and saw 3 of its levels.

You collected 104 gold pieces.

Inventory:

Armour
 a - a +0 shield (worn)
Scrolls
 e - a scroll of magic mapping {unknown}
 g - a scroll of teleportation {unknown}
 h - 2 scrolls of remove curse {unknown}
 i - a scroll of enchant weapon {unknown}
 j - a scroll of identify {unknown}
 m - a scroll of immolation {unknown}
Potions
 b - 2 potions of might
 d - 2 potions of curing {unknown}
 f - 2 potions of degeneration {unknown}
 k - 2 potions of heal wounds {unknown}
 l - a potion of mutation {unknown}
 n - a potion of lignification {unknown}
 o - a potion of agility {unknown}
Comestibles
 c - 7 rations {!d}


   Skills:
 + Level 3.0 Fighting
 - Level 2.4 Dodging
 - Level 2.0 Shields
 * Level 3.6 Unarmed Combat
 + Level 0.0 Invocations


You had 2 spell levels left.
You didn't know any spells.
Your spell library was empty.

Dungeon Overview and Level Annotations

Branches:
Dungeon (3/12)

Altars:
Dithmenos
Makhleb


Innate Abilities, Weirdness & Mutations

You cannot wear most types of armour.
Your thick skin is tough. (AC +5)
You are too large for most types of armour.
You have claws for hands.
Your metabolism is lightning-fast.
You like to eat raw meat.


Message History

You feel very sick. The water moccasin bites you.
* * * LOW HITPOINT WARNING * * *
You are more poisoned.
The water moccasin poisons you! You block the water moccasin's attack.
You barely miss the water moccasin.
The water moccasin is heavily wounded.
* * * LOW HITPOINT WARNING * * *
You feel sick. You block the water moccasin's attack.
You miss the water moccasin.
The water moccasin is heavily wounded.
* * * LOW HITPOINT WARNING * * *
You feel sick.
The water moccasin bites you but does no damage.
You scratch the water moccasin.
The water moccasin is severely wounded.
* * * LOW HITPOINT WARNING * * *
You feel very sick. The water moccasin bites you.
You die...

##########
#.@S......
#.##########
#.......<..#
############


You could see a water moccasin.

Vanquished Creatures
  An adder (D:2)
  A worm (D:2)
  A dart slug (D:1)
  3 leopard geckos
  2 giant cockroaches (D:1)
  5 goblins
  5 hobgoblins
  4 jackals (D:2)
  3 bats
  5 frilled lizards
  5 kobolds
  6 rats
41 creatures vanquished.

Notes
Turn   | Place    | Note
-------+----------+-------------------------------------------
     0 | D:1      | Mrkan the Troll Fighter began the quest for the Orb.
     0 | D:1      | Reached XP level 1. HP: 22/22 MP: 0/0
   137 | D:1      | Reached XP level 2. HP: 27/29 MP: 1/1
   793 | D:2      | Reached XP level 3. HP: 34/36 MP: 2/2
  1363 | D:2      | Found a shadowy altar of Dithmenos.
  1515 | D:2      | Found a burning altar of Makhleb.
  1523 | D:2      | Became a worshipper of Makhleb the Destroyer
  1557 | D:3      | Noticed a water moccasin
  1569 | D:3      | Slain by a water moccasin

Skill      XL: |  1  2  3 |
---------------+----------+-----
Unarmed Combat | 3 |  3.6
Fighting       | 3 |  3.0
Dodging        | |  2.4
Shields        | |  2.0

Action                   || total
-------------------------++-------
Melee: Unarmed           ||   111
  Eat: Chunk             ||    10
Armor: Skin              ||    33
Dodge: Dodged            ||    33
Block: Shield            ||    34
